CAL (WIN)
LAKE ELSINORE STORM @ BRADENTON MARAUDERS
12/06/2048
 
TOP OF THE 1ST
Lake Elsinore Storm batting - Pitching for Bradenton Marauders : RHP Pablo Ramirez
Pitching: RHP Pablo Ramirez
Batting: RHB Victor Contreras 0-0: Called Strike
0-1: SINGLE (Line Drive, 78S, EV 92.5 MPH)
Batting: RHB Eric McMillian 0-0: Ball
1-0: Called Strike
1-1: Fly out, F9 (Line Drive, 9S, EV 101.9 MPH)
Batting: RHB Brian Klinkner 0-0: Foul Ball, location: 2F
0-1: Ball
1-1: Ball
2-1: Ball
3-1: Base on Balls
Victor Contreras to second
Batting: LHB Justin Daley 0-0: Ball
1-0: Foul Ball, location: 2F
1-1: Called Strike
1-2: Ball
2-2: Foul Ball, location: 2F
2-2: Ball
3-2: Strikes out swinging
Batting: RHB Devon Dill 0-0: SINGLE (Groundball, 5S, EV 62.5 MPH) (infield hit)
Victor Contreras to third
Brian Klinkner to second
Batting: LHB Dean Luttman 0-0: Swinging Strike
0-1: Ground out 1-3 (Groundball, 23, EV 75.6 MPH)
Top of the 1st over - 0 runs, 2 hits, 0 errors, 3 left on base; Lake Elsinore 0 - Bradenton 0
BOTTOM OF THE 1ST
Bradenton Marauders batting - Pitching for Lake Elsinore Storm : RHP Liam Tate
Pitching: RHP Liam Tate
Batting: RHB Hidesuke Yoshida 0-0: Ball
1-0: Ball
2-0: Ball
3-0: Called Strike
3-1: Ground out 5-3 (Groundball, 5L, EV 85.0 MPH)
Batting: RHB Mike Weeks 0-0: Swinging Strike
0-1: Called Strike
0-2: Ground out 5-3 (Groundball, 56S, EV 82.5 MPH)
Batting: RHB Melvin Durland 0-0: Foul Ball, location: 2F
0-1: Ball
1-1: Foul Ball, location: 2F
1-2: Foul Ball, location: 2F
1-2: Ball
2-2: Ball
3-2: Ground out 6-3 (Groundball, 6, EV 99.4 MPH)
Bottom of the 1st over - 0 runs, 0 hits, 0 errors, 0 left on base; Lake Elsinore 0 - Bradenton 0
TOP OF THE 2ND
Lake Elsinore Storm batting - Pitching for Bradenton Marauders : RHP Pablo Ramirez
Batting: RHB Yuusei Narita 0-0: Called Strike
0-1: Foul Ball, location: 2F
0-2: SINGLE (Line Drive, 8LS, EV 98.8 MPH)
Batting: RHB Phil McFadden 0-0: Ball
1-0: Ball
2-0: SINGLE (Groundball, 34, EV 108.1 MPH)
Yuusei Narita to second
Batting: RHB Ed Oake 0-0: SINGLE (Line Drive, 34D, EV 96.9 MPH)
Yuusei Narita to third
Phil McFadden to second
Runner from 3rd tries for Home, SAFE, throw by RF to home
Batting: RHB Victor Contreras 0-0: Ball
1-0: Ball
2-0: Ball
3-0: Base on Balls
Phil McFadden to third
Ed Oake to second
Batting: RHB Eric McMillian 0-0: Called Strike
0-1: Ball
1-1: Fielders Choice at 2nd, 5-4 (Groundball, 56, EV 108.8 MPH)
Phil McFadden scores
Ed Oake to third
Batting: RHB Brian Klinkner 0-0: Foul Ball, location: 2F
0-1: Ball
1-1: Ball
2-1: Called Strike
2-2: Ball
3-2: Base on Balls
Eric McMillian to second
Batting: LHB Justin Daley 0-0: Ball
1-0: Ball
2-0: Called Strike
2-1: SINGLE (Line Drive, 78S, EV 106.9 MPH)
Ed Oake scores
Eric McMillian to third
Brian Klinkner to second
Runner from 3rd tries for Home, SAFE, throw by CF to home
Batting: RHB Devon Dill 0-0: Ball
1-0: Foul Ball, location: 2F
1-1: Foul Ball, location: 2F
1-2: Ball
2-2: Foul Ball, location: 2F
2-2: Ball
3-2: Fielders Choice at 2nd, 3-6 (Groundball, 3, EV 80.6 MPH)
Brian Klinkner to third
Batting: LHB Dean Luttman 0-0: Called Strike
0-1: Ball
1-1: Ball
2-1: Foul Ball, location: 2F
2-2: Strikes out looking
Top of the 2nd over - 4 runs, 4 hits, 0 errors, 2 left on base; Lake Elsinore 4 - Bradenton 0
BOTTOM OF THE 2ND
Bradenton Marauders batting - Pitching for Lake Elsinore Storm : RHP Liam Tate
Batting: LHB Kazuyoshi Ikeda 0-0: Ball
1-0: Ball
2-0: Ball
3-0: Base on Balls
Batting: RHB Chris Arroyo 0-0: Ball
1-0: Ball
2-0: Called Strike
2-1: Foul Ball, location: 2F
2-2: Ball
3-2: Reached on error, E5 (Groundball, 56, EV 79.4 MPH)
Kazuyoshi Ikeda to second
Batting: RHB Ryan LeSueur 0-0: SINGLE (Line Drive, 9LM, EV 103.8 MPH)
Kazuyoshi Ikeda to third
Chris Arroyo to second
Batting: SHB Jiong Qi 0-0: Called Strike
0-1: Ball
1-1: Swinging Strike
1-2: Foul Ball, location: 2F
1-2: Ball
2-2: Strikes out swinging
Batting: RHB Hugo Montemayor 0-0: Foul Ball, location: 2F
0-1: Swinging Strike
0-2: Foul Ball, location: 2F
0-2: Ball
1-2: Ball
2-2: Strikes out swinging
Batting: SHB Nathan Clement 0-0: Swinging Strike
0-1: Swinging Strike
0-2: Ball
1-2: Foul Ball, location: 2F
1-2: Strikes out swinging
Bottom of the 2nd over - 0 runs, 1 hit, 1 error, 3 left on base; Lake Elsinore 4 - Bradenton 0
TOP OF THE 3RD
Lake Elsinore Storm batting - Pitching for Bradenton Marauders : RHP Pablo Ramirez
Batting: RHB Yuusei Narita 0-0: Called Strike
0-1: Ball
1-1: Ball
2-1: SINGLE (Groundball, 4MD, EV 105.6 MPH)
Batting: RHB Phil McFadden 0-0: Ball
1-0: Ball
2-0: Ball
Yuusei Narita is caught stealing 2nd base 2-4
3-0: Called Strike
3-1: Foul Ball, location: 2F
3-2: Base on Balls
Batting: RHB Ed Oake 0-0: Called Strike
0-1: Ball
1-1: Ball
2-1: Ball
3-1: Swinging Strike
3-2: Grounds into double play, 6-4-3 (Groundball, 56, EV 84.4 MPH)
Top of the 3rd over - 0 runs, 1 hit, 0 errors, 0 left on base; Lake Elsinore 4 - Bradenton 0
BOTTOM OF THE 3RD
Bradenton Marauders batting - Pitching for Lake Elsinore Storm : RHP Liam Tate
Batting: RHB Hidesuke Yoshida 0-0: Called Strike
0-1: Called Strike
0-2: Ball
1-2: Ball
2-2: Strikes out swinging
Batting: RHB Mike Weeks 0-0: Ground out 6-3 (Groundball, 6, EV 83.8 MPH)
Batting: RHB Melvin Durland 0-0: Ball
1-0: Called Strike
1-1: Swinging Strike
1-2: Fly out, F8 (Flyball, 8LM, EV 93.1 MPH)
Bottom of the 3rd over - 0 runs, 0 hits, 0 errors, 0 left on base; Lake Elsinore 4 - Bradenton 0
TOP OF THE 4TH
Lake Elsinore Storm batting - Pitching for Bradenton Marauders : RHP Pablo Ramirez
Batting: RHB Victor Contreras 0-0: Ball
1-0: Foul Ball, location: 2F
1-1: SINGLE (Line Drive, 8RS, EV 99.4 MPH)
Batting: RHB Eric McMillian 0-0: Ball
1-0: Foul Ball, location: 2F
1-1: Foul Ball, location: 2F
1-2: Ball
2-2: Ball
3-2: DOUBLE (Flyball, 89XD, EV 114.4 MPH)
Victor Contreras to third
Pitching: LHP Francisco Mendoza
Batting: RHB Brian Klinkner 0-0: Fly out, F7 (Flyball, 7D, EV 83.1 MPH)
Runner from 3rd tags up, SCORES, throw by LF
Eric McMillian to third
Batting: LHB Justin Daley 0-0: Ground out 4-3 (Groundball, 4, EV 81.9 MPH)
Eric McMillian scores
Batting: RHB Devon Dill 0-0: Called Strike
0-1: Foul Ball, location: 2F
0-2: Ground out 6-3 (Groundball, 56D, EV 91.9 MPH)
Top of the 4th over - 2 runs, 2 hits, 0 errors, 0 left on base; Lake Elsinore 6 - Bradenton 0
BOTTOM OF THE 4TH
Bradenton Marauders batting - Pitching for Lake Elsinore Storm : RHP Liam Tate
Batting: LHB Kazuyoshi Ikeda 0-0: Swinging Strike
0-1: Ground out 4-3 (Groundball, 4S, EV 80.0 MPH)
Batting: RHB Chris Arroyo 0-0: Foul Ball, location: 2F
0-1: Ball
1-1: Swinging Strike
1-2: Strikes out swinging
Batting: RHB Ryan LeSueur 0-0: Ball
1-0: Ball
2-0: Swinging Strike
2-1: Swinging Strike
2-2: Strikes out swinging
Bottom of the 4th over - 0 runs, 0 hits, 0 errors, 0 left on base; Lake Elsinore 6 - Bradenton 0
TOP OF THE 5TH
Lake Elsinore Storm batting - Pitching for Bradenton Marauders : LHP Francisco Mendoza
Batting: LHB Dean Luttman 0-0: Ball
1-0: Ball
2-0: Fly out, F8 (Flyball, 8LD, EV 80.6 MPH)
Batting: RHB Yuusei Narita 0-0: Ground out 2-3 (Groundball, 15S, EV 65.6 MPH)
Batting: RHB Phil McFadden 0-0: Ball
1-0: Ground out 6-3 (Groundball, 56D, EV 86.2 MPH)
Top of the 5th over - 0 runs, 0 hits, 0 errors, 0 left on base; Lake Elsinore 6 - Bradenton 0
BOTTOM OF THE 5TH
Bradenton Marauders batting - Pitching for Lake Elsinore Storm : RHP Liam Tate
Batting: SHB Jiong Qi 0-0: Ball
1-0: Ball
2-0: Called Strike
2-1: Swinging Strike
2-2: Ball
3-2: Strikes out looking
Batting: RHB Hugo Montemayor 0-0: Ball
1-0: Swinging Strike
1-1: Ball
2-1: Foul Ball, location: 2F
2-2: Strikes out swinging
Batting: SHB Nathan Clement 0-0: Called Strike
0-1: Ball
1-1: Called Strike
1-2: SINGLE (Groundball, 56D, EV 98.8 MPH)
Batting: RHB Hidesuke Yoshida 0-0: Foul Ball, location: 2F
0-1: Ball
1-1: Ball
2-1: DOUBLE (Line Drive, 78M, EV 110.6 MPH)
Nathan Clement to third
Runner from 3rd tries for Home, SAFE, throw by LF to home
Batting: RHB Mike Weeks 0-0: Foul Ball, location: 2F
0-1: Ball
1-1: Ball
2-1: Swinging Strike
2-2: SINGLE (Line Drive, 6MD, EV 96.9 MPH)
Hidesuke Yoshida to third
Runner from 3rd tries for Home, SAFE, throw by CF to home
Pitching: RHP Russell MacKay
Batting: RHB Melvin Durland 0-0: Ball
1-0: Ball
2-0: Called Strike
2-1: Foul Ball, location: 2F
2-2: Foul Ball, location: 2F
2-2: Foul Ball, location: 2F
2-2: Foul Ball, location: 2F
2-2: Ball
3-2: Foul Ball, location: 2F
3-2: Foul Ball, location: 2F
3-2: DOUBLE (Flyball, 8RXD, EV 101.2 MPH)
Mike Weeks to third
Mike Weeks scores
Batting: LHB Kazuyoshi Ikeda 0-0: Ball
1-0: Swinging Strike
1-1: Called Strike
1-2: Strikes out swinging
Bottom of the 5th over - 3 runs, 4 hits, 0 errors, 1 left on base; Lake Elsinore 6 - Bradenton 3
TOP OF THE 6TH
Lake Elsinore Storm batting - Pitching for Bradenton Marauders : LHP Francisco Mendoza
Batting: RHB Ed Oake 0-0: Ball
1-0: Ball
2-0: Fly out, F9 (Flyball, 89D, EV 95.6 MPH)
Batting: RHB Victor Contreras 0-0: Ground out 6-3 (Groundball, 6, EV 96.9 MPH)
Batting: RHB Eric McMillian 0-0: Foul Ball, location: 2F
0-1: Ball
1-1: Ball
2-1: Called Strike
2-2: Foul Ball, location: 2F
2-2: Foul Ball, location: 2F
2-2: Foul Ball, location: 2F
2-2: Foul Ball, location: 2F
2-2: Ball
3-2: Foul Ball, location: 2F
3-2: Foul Ball, location: 2F
3-2: Ground out 6-3 (Groundball, 6, EV 106.9 MPH)
Top of the 6th over - 0 runs, 0 hits, 0 errors, 0 left on base; Lake Elsinore 6 - Bradenton 3
BOTTOM OF THE 6TH
Bradenton Marauders batting - Pitching for Lake Elsinore Storm : RHP Russell MacKay
Batting: RHB Chris Arroyo 0-0: Called Strike
0-1: Swinging Strike
0-2: Ball
1-2: Ball
2-2: Strikes out looking
Batting: RHB Ryan LeSueur 0-0: Ball
1-0: Foul Ball, location: 2F
1-1: Foul Ball, location: 2F
1-2: Strikes out swinging
Batting: SHB Jiong Qi 0-0: Ball
1-0: Swinging Strike
1-1: Swinging Strike
1-2: Strikes out swinging
Bottom of the 6th over - 0 runs, 0 hits, 0 errors, 0 left on base; Lake Elsinore 6 - Bradenton 3
TOP OF THE 7TH
Lake Elsinore Storm batting - Pitching for Bradenton Marauders : LHP Francisco Mendoza
Batting: RHB Brian Klinkner 0-0: Ball
1-0: Ball
2-0: Ball
3-0: Base on Balls
Batting: LHB Justin Daley 0-0: SINGLE (Groundball, 34S, EV 66.2 MPH) (infield hit)
Brian Klinkner to second
Batting: RHB Devon Dill 0-0: Ball
1-0: Ball
2-0: Ball
3-0: Base on Balls
Brian Klinkner to third
Justin Daley to second
Batting: LHB Dean Luttman 0-0: Foul Ball, location: 2F
0-1: Swinging Strike
0-2: SINGLE (Line Drive, 6D, EV 98.1 MPH)
Brian Klinkner scores
Justin Daley to third
Devon Dill to second
Pitching: RHP Luis Flores
Batting: RHB Yuusei Narita 0-0: Ball
1-0: Ball
2-0: Foul Ball, location: 2F
2-1: Fielders Choice at 2nd, 3-6 (Groundball, 34, EV 85.0 MPH)
Justin Daley scores
Devon Dill to third
Batting: RHB Phil McFadden 0-0: Called Strike
0-1: Ball
1-1: Foul Ball, location: 2F
1-2: Ball
2-2: Ball
3-2: Strikes out swinging
Batting: RHB Ed Oake 0-0: Called Strike
0-1: Fly out, F4 (Popup, 34S, EV 78.1 MPH)
Top of the 7th over - 2 runs, 2 hits, 0 errors, 2 left on base; Lake Elsinore 8 - Bradenton 3
BOTTOM OF THE 7TH
Bradenton Marauders batting - Pitching for Lake Elsinore Storm : RHP Russell MacKay
Pitching: RHP Tim bin Fadi
Batting: RHB Hugo Montemayor 0-0: Fly out, F7 (Flyball, 7LM, EV 85.0 MPH)
Batting: SHB Nathan Clement 0-0: Ball
1-0: Fly out, F7 (Flyball, 7, EV 88.1 MPH)
Batting: RHB Hidesuke Yoshida 0-0: Fly out, F8 (Flyball, 8RD, EV 101.2 MPH)
Bottom of the 7th over - 0 runs, 0 hits, 0 errors, 0 left on base; Lake Elsinore 8 - Bradenton 3
TOP OF THE 8TH
Lake Elsinore Storm batting - Pitching for Bradenton Marauders : RHP Luis Flores
Batting: RHB Victor Contreras 0-0: SINGLE (Line Drive, 4D, EV 101.9 MPH)
Batting: RHB Eric McMillian 0-0: Swinging Strike
0-1: Fielders Choice at 2nd, 5-4 (Groundball, 56, EV 89.4 MPH)
Batting: RHB Brian Klinkner 0-0: Ball
1-0: Called Strike
1-1: SINGLE (Groundball, 34D, EV 102.5 MPH)
Eric McMillian to second
Throwing error, E9
Eric McMillian scores
Brian Klinkner to second
Batting: LHB Justin Daley 0-0: Ball
1-0: Foul Ball, location: 2F
1-1: Ball
2-1: Ball
3-1: Base on Balls
Batting: RHB Devon Dill 0-0: Fly out, F8 (Flyball, 89M, EV 86.9 MPH)
Batting: LHB Dean Luttman 0-0: Called Strike
0-1: Ball
1-1: Called Strike
1-2: DOUBLE (Flyball, 8LXD, EV 110.0 MPH)
Brian Klinkner scores
Justin Daley to third
Runner from 3rd tries for Home, SAFE, throw by CF to home
Batting: RHB Yuusei Narita 0-0: Foul Ball, location: 2F
0-1: SINGLE (Groundball, 6D, EV 101.9 MPH)
Dean Luttman to third
Runner from 3rd tries for Home, SAFE, throw by CF to home
Pitching: RHP Sung-jae Choo
Batting: RHB Phil McFadden 0-0: Ground out 4-3 (Groundball, 4, EV 85.0 MPH)
Top of the 8th over - 4 runs, 4 hits, 1 error, 1 left on base; Lake Elsinore 12 - Bradenton 3
BOTTOM OF THE 8TH
Bradenton Marauders batting - Pitching for Lake Elsinore Storm : RHP Tim bin Fadi
Pinch Hitting: RHB Jason Rhodes 0-0: Swinging Strike
0-1: Foul Ball, location: 2F
0-2: Strikes out looking
Batting: RHB Melvin Durland 0-0: Swinging Strike
0-1: Swinging Strike
0-2: Strikes out swinging
Batting: LHB Kazuyoshi Ikeda 0-0: Called Strike
0-1: Ball
1-1: Foul Ball, location: 2F
1-2: Ball
2-2: Ball
3-2: Foul Ball, location: 2F
3-2: Foul Ball, location: 2F
3-2: Foul Ball, location: 2F
3-2: SINGLE (Groundball, 13, EV 84.4 MPH) (infield hit)
Batting: RHB Chris Arroyo 0-0: Foul Ball, location: 2F
0-1: Fly out, F4 (Line Drive, 4M, EV 70.0 MPH)
Bottom of the 8th over - 0 runs, 1 hit, 0 errors, 1 left on base; Lake Elsinore 12 - Bradenton 3
TOP OF THE 9TH
Lake Elsinore Storm batting - Pitching for Bradenton Marauders : RHP Sung-jae Choo
Now at 2B: Hugo Montemayor
Now at SS: Jason Rhodes
Batting: RHB Ed Oake 0-0: SINGLE (Groundball, 56D, EV 98.1 MPH)
Batting: RHB Victor Contreras 0-0: Foul Ball, location: 2F
0-1: Ball
1-1: Ball
2-1: Swinging Strike
2-2: Ball
3-2: Strikes out looking
Batting: RHB Eric McMillian 0-0: Called Strike
0-1: Swinging Strike
0-2: Foul Ball, location: 2F
0-2: Ball
Wild Pitch!
Ed Oake to second
1-2: Strikes out swinging
Batting: RHB Brian Klinkner 0-0: Ball
1-0: Ground out 4-3 (Groundball, 4, EV 103.8 MPH)
Top of the 9th over - 0 runs, 1 hit, 0 errors, 1 left on base; Lake Elsinore 12 - Bradenton 3
BOTTOM OF THE 9TH
Bradenton Marauders batting - Pitching for Lake Elsinore Storm : RHP Tim bin Fadi
Batting: RHB Ryan LeSueur 0-0: Called Strike
0-1: Ball
1-1: Ball
2-1: Ball
3-1: Called Strike
3-2: Strikes out swinging
Batting: SHB Jiong Qi 0-0: Swinging Strike
0-1: Swinging Strike
0-2: Foul Ball, location: 2F
0-2: Strikes out looking
Batting: RHB Hugo Montemayor 0-0: Ground out 4-3 (Groundball, 4M, EV 111.9 MPH)
Bottom of the 9th over - 0 runs, 0 hits, 0 errors, 0 left on base; Lake Elsinore 12 - Bradenton 3
Tuesday, March 28th , 2023 - OOTP Baseball 23.10 Build 110